 Dungeon Sprint DCSS version 0.31-a0-1098-g6898e6545c (webtiles) character file.

Game seed: 10944615735148993911

5900000 Revguard the Intangible (level 27, -4/228 HPs)
             Began as a Djinni Warper on Nov 30, 2023.
             Was the Champion of Makhleb.
             Slain by a meat beast (5 damage)
             ... in the Dungeon (Sprint VIII: "Arena of Blood").
             The game lasted 00:11:36 (59 turns).

Revguard the Intangible (Djinni Warper)               Turns: 59, Time: 00:11:37

Health: -4/228     AC:  6    Str: 10    XL:     27
Gold:   0          EV: 36    Int: 17    God:    Makhleb [******] SH:  0 Dex: 25

rFire   + + .        i - +∞ Axe of Woe
rCold   x . .        (shield currently unavailable)
rNeg    . . .        b - +0 leather armour
rPois   ∞            (no helmet)
rElec   .            (no cloak)
rCorr   .            (no gloves)
SInv    .            (boots unavailable)
Will    ++...        (no amulet)
Stlth   ++++++++++   (no ring)
HPRegen 0.58/turn    (no ring)
MPRegen 0.00/turn

%: no teleportation, infuse magic (-5 HP)
@: death channelling, on blink cooldown, flying
A: sickness immunity, fire resistance 2, cold vulnerability 1, float, innate
caster, HP casting, extra vitality 1
a: Renounce Religion, Minor Destruction, Lesser Servant of Makhleb, Major
Destruction, Greater Servant of Makhleb


You were in the Dungeon.
You worshipped Makhleb.
Makhleb was exalted by your worship.
You visited 1 branch

Inventory:

Hand Weapons
 a - a +0 hand axe
 i - the +∞ Axe of Woe (weapon)
   (You found it in the Dungeon)
Missiles
 d - 7 darts of dispersal
Armour
 b - a +0 leather armour (worn)
Scrolls
 c - 2 scrolls of blinking
Potions
 e - a potion of curing
 f - a potion of heal wounds
 g - a potion of haste
 h - a potion of berserk rage


   Skills:
 O Level 27 Fighting
 O Level 27 Short Blades
 O Level 27 Long Blades
 O Level 27 Axes
 O Level 27 Maces & Flails
 O Level 27 Polearms
 O Level 27 Staves
 O Level 27 Ranged Weapons
 O Level 27 Throwing
 O Level 27 Armour
 O Level 27 Dodging
 O Level 27 Stealth
 O Level 27 Shields
 O Level 27 Unarmed Combat
 O Level 27 Spellcasting
 O Level 27 Conjurations
 O Level 27 Hexes
   Level 0.0 Charms
 O Level 27 Summonings
 O Level 27 Necromancy
 O Level 27 Translocations
 O Level 27 Transmutations
 O Level 27 Fire Magic
 O Level 27 Ice Magic
 O Level 27 Air Magic
 O Level 27 Earth Magic
 O Level 27 Poison Magic
 O Level 27 Invocations
 O Level 27 Evocations
 O Level 27 Shapeshifting


You knew the following spells:

 Your Spells              Type           Power      Damage    Failure   Level
a - Blink                 Tloc           100%       N/A       0%          2
b - Lesser Beckoning      Tloc           100%       N/A       0%          2
c - Teleport Other        Tloc           86%        N/A       0%          3
d - Manifold Assault      Tloc           86%        N/A       0%          4
e - Vhi's Electric Charg  Tloc/Air       100%       N/A       0%          4
f - Sting                 Tmut/Pois      100%       1d8       0%          1
g - Call Imp              Summ           100%       N/A       0%          2
h - Sigil of Binding      Hex            86%        N/A       0%          3
i - Olgreb's Toxic Radia  Pois           86%        N/A       0%          4
j - Iskenderun's Mystic   Conj/Tloc      86%        2d17      0%          4
k - Iskenderun's Battles  Conj           86%        2d13      0%          5
l - Dispersal             Tloc           43%        N/A       0%          6
m - Ozocubu's Refrigerat  Ice            43%        4d17      1%          7
n - Death Channel         Necr           43%        N/A       0%          6
o - Haunt                 Necr/Summ      43%        N/A       1%          7
p - Discord               Hex            43%        N/A       1%          8
q - Death's Door          Necr           43%        N/A       2%          9
r - Polar Vortex          Ice            43%        12d5*     2%          9
Your spell library was empty.

Dungeon Overview and Level Annotations

Branches:
Dungeon (1/1)

Altars:
Makhleb

Annotations:
D The Servant


Innate Abilities, Weirdness & Mutations

You are immune to sickness and miasma.
You are immune to poison.
Your flesh is very heat resistant. (rF++)
You are vulnerable to cold. (rC-)
You float through the air rather than walking.
You learn spells naturally, not from books.
Your magical power is your life essence.
You have superior vitality. (+4 MHP)


Message History

Your spectral bag of meat hits the meat berserker.
Your spectral bag of meat drains the meat berserker.
The tyrant waves its bony arms in wide circles.
The air twists around and strikes you!!!
* * * LOW HITPOINT WARNING * * *
Your spectral bag of meat hits the bag of meat. x3
Your spectral bag of meat hits the large bag of meat.
Flame seeps out of the large bag of meat. x2
Your spectral bag of meat drains the large bag of meat.
Your spectral bag of meat hits the sculptor of flesh but does no damage.
Your spectral large bag of meat hits the bag of meat. x2
Your spectral large bag of meat drains the bag of meat.
The meat berserker is engulfed in blazing flames.
The meat berserker hits your spectral large bag of meat with a +9 battleaxe!!
Your spectral bag of meat hits the sculptor of flesh but does no damage.
Your spectral bag of meat hits the bag of meat.
Your spectral bag of meat is engulfed in blazing flames.
Your spectral bag of meat hits the sculptor of flesh but does no damage.
Unknown command.
Casting: Vhi's Electric Charge (safe; 0% risk of failure)
Confirm with . or Enter, or press ? or * to list all spells.
You blink. 2 bags of meat, an accursed, 4 meat berserkers and a destroyer come into view.
The destroyer is wielding a +9 heavy great sword.
The meat berserker shouts! x2; The bag of meat shouts!
The meat berserker shouts!
The destroyer shouts!
* * * LOW HITPOINT WARNING * * *
The meat beast appears out of thin air!
A meat beast comes into view.
The meat beast screeches!
You hear a shout! x2
A meat berserker comes into view. It is wielding a +9 battleaxe.
The tyrant touches your spectral bag of meat.
The destroyer casts a spell at you.
The destroyer blinks!
The accursed casts a spell at you. Something smites you!
* * * LOW HITPOINT WARNING * * *
Something hits your spectral meat berserker!!
The meat beast bites you.
You die...

.# #####..... .
....................
.####.....##.##..O....O.
#O....D.............OM..
.#..........#.#...o...
.#.○O.....zZ...M....####
..#.O.Z..o.Z.oV.........
...#.ZZoZZZ.....@.....V.
...o.ZoO)oZ.....2...2...
...oZoZ§Z§§)ZZ.......o.§
..oZZ)o#o)ZLo..#........
.#.V.Z.#Zz)Z@Z.#........
...oZ###)))..).###.....O
.zMoZ).ZOZ###○oVo.......
o.#o)V)Z..O_.)☼o)......O


#O.oOoLZ#ZOZ§☼#M.o. You could see 2 accurseds, 2 meat beasts, a tyrant (fast,
ally target), The Servant (ally target), 2 destroyers, 2 sculptors of flesh, 5
meat berserkers, 6 bags of meat, a friendly spectral nine-headed meat hydra, 8
friendly spectral bags of meat, a friendly spectral meat berserker and a
friendly spectral large bag of meat.

Vanquished Creatures
  12 vampire knights (D)
  30 ogres (D)
  10 two-headed ogres (D)
  2 liches (D)
  A hydra (D)
  70 orcs (D)
  4 skeletal warriors (D)
129 creatures vanquished.

Vanquished Creatures (collateral kills)
  5 orcs (D)
5 creatures vanquished.

Vanquished Creatures (others)
  A vampire knight (D)
  3 ogres (D)
  2 two-headed ogres (D)
  9 orcs (D)
15 creatures vanquished.

Grand Total: 149 creatures vanquished

Notes
Turn   | Place    | Note
-------+----------+-------------------------------------------
     0 | D        | Found the +∞ Axe of Woe
     0 | D        | Revguard the Djinni Warper began the quest for the Orb.
     0 | D        | Revguard set off with the following spells memorised:
                  | Blink, Lesser Beckoning, Teleport Other, Manifold Assault,
                  | Vhi's Electric Charge.
     0 | D        | Reached XP level 1. HP: 18/18 MP: 0/0
     3 | D        | Became a worshipper of Makhleb the Destroyer
     5 | D        | Noticed a bag of meat
     5 | D        | Noticed a bag of meat
     5 | D        | Noticed a bag of meat
     6 | D        | Noticed a bag of meat
     7 | D        | Noticed a bag of meat
     8 | D        | Noticed a meat berserker
    10 | D        | Noticed a meat berserker
    10 | D        | Noticed a bag of meat
    11 | D        | Killed a bag of meat
    11 | D        | Noticed a meat berserker
    12 | D        | Reached skill level 10 in Axes
    12 | D        | Reached XP level 2. HP: 39/39 MP: 0/0
    12 | D        | Reached XP level 3. HP: 44/44 MP: 0/0
    12 | D        | Learned a level 1 spell: Sting
    12 | D        | Reached XP level 4. HP: 50/50 MP: 0/0
    12 | D        | Reached XP level 5. HP: 56/56 MP: 0/0
    12 | D        | Learned a level 2 spell: Call Imp
    12 | D        | Reached XP level 6. HP: 62/62 MP: 0/0
    12 | D        | Reached XP level 7. HP: 67/67 MP: 0/0
    12 | D        | Learned a level 3 spell: Sigil of Binding
    12 | D        | Reached XP level 8. HP: 74/74 MP: 0/0
    12 | D        | Reached XP level 9. HP: 78/78 MP: 0/0
    12 | D        | Learned a level 4 spell: Olgreb's Toxic Radiance
    12 | D        | Reached XP level 10. HP: 85/85 MP: 0/0
    12 | D        | Reached XP level 11. HP: 90/90 MP: 0/0
    12 | D        | Learned a level 4 spell: Iskenderun's Mystic Blast
    12 | D        | Killed a meat berserker
    12 | D        | Reached * piety under Makhleb
    12 | D        | Noticed a bag of meat
    12 | D        | Noticed a bag of meat
    13 | D        | Reached skill level 15 in Fighting
    13 | D        | Reached skill level 15 in Armour
    13 | D        | Reached XP level 12. HP: 103/103 MP: 0/0
    13 | D        | Reached XP level 13. HP: 108/108 MP: 0/0
    13 | D        | Learned a level 5 spell: Iskenderun's Battlesphere
    13 | D        | Killed a bag of meat
    13 | D        | Killed a bag of meat
    13 | D        | Killed a bag of meat
    13 | D        | Reached ** piety under Makhleb
    13 | D        | Noticed a bag of meat
    14 | D        | Reached skill level 15 in Axes
    14 | D        | Reached XP level 14. HP: 120/120 MP: 0/0
    14 | D        | Killed a meat berserker
    14 | D        | Killed a meat berserker
    14 | D        | Noticed a meat berserker
    14 | D        | Noticed a bag of meat
    15 | D        | Reached XP level 15. HP: 130/130 MP: 0/0
    15 | D        | Learned a level 6 spell: Dispersal
    15 | D        | Reached *** piety under Makhleb
    16 | D        | Reached skill level 15 in Spellcasting
    16 | D        | Reached skill level 15 in Conjurations
    16 | D        | Reached skill level 15 in Hexes
    16 | D        | Reached skill level 15 in Summonings
    16 | D        | Reached skill level 15 in Necromancy
    16 | D        | Reached skill level 15 in Translocations
    16 | D        | Reached skill level 15 in Transmutations
    16 | D        | Reached skill level 15 in Fire Magic
    16 | D        | Reached skill level 15 in Ice Magic
    16 | D        | Reached skill level 15 in Air Magic
    16 | D        | Reached skill level 15 in Earth Magic
    16 | D        | Reached skill level 15 in Poison Magic
    16 | D        | Reached XP level 16. HP: 139/139 MP: 0/0
    16 | D        | Killed a meat berserker
    16 | D        | Reached **** piety under Makhleb
    17 | D        | Noticed a large bag of meat
    17 | D        | Noticed a meat berserker
    18 | D        | Reached XP level 17. HP: 151/151 MP: 0/0
    18 | D        | Learned a level 7 spell: Ozocubu's Refrigeration
    18 | D        | Noticed a large bag of meat
    18 | D        | Killed a large bag of meat
    18 | D        | Reached ***** piety under Makhleb
    18 | D        | Killed a meat berserker
    18 | D        | Noticed a meat berserker
    19 | D        | Reached skill level 27 in Dodging
    19 | D        | Reached XP level 18. HP: 163/163 MP: 0/0
    19 | D        | Killed a large bag of meat
    19 | D        | Killed a meat berserker
    20 | D        | Reached skill level 27 in Fighting
    20 | D        | Reached skill level 27 in Armour
    20 | D        | Reached XP level 19. HP: 174/174 MP: 0/0
    20 | D        | Learned a level 6 spell: Death Channel
    21 | D        | Noticed a meat berserker
    22 | D        | Noticed a meat berserker
    23 | D        | Reached ****** piety under Makhleb
    24 | D        | Noticed a large bag of meat
    24 | D        | Killed a large bag of meat
    25 | D        | Reached skill level 27 in Axes
    25 | D        | Reached XP level 20. HP: 181/181 MP: 0/0
    25 | D        | Killed a meat berserker
    25 | D        | Killed a meat berserker
    25 | D        | Noticed a meat berserker
    25 | D        | Noticed a meat berserker
    26 | D        | Reached skill level 27 in Spellcasting
    26 | D        | Reached skill level 27 in Conjurations
    26 | D        | Reached skill level 27 in Hexes
    26 | D        | Reached skill level 27 in Summonings
    26 | D        | Reached skill level 27 in Necromancy
    26 | D        | Reached skill level 27 in Translocations
    26 | D        | Reached skill level 27 in Transmutations
    26 | D        | Reached skill level 27 in Fire Magic
    26 | D        | Reached skill level 27 in Ice Magic
    26 | D        | Reached skill level 27 in Air Magic
    26 | D        | Reached skill level 27 in Earth Magic
    26 | D        | Reached skill level 27 in Poison Magic
    26 | D        | Reached skill level 5 in Short Blades
    26 | D        | Reached skill level 5 in Long Blades
    26 | D        | Reached skill level 5 in Staves
    26 | D        | Reached skill level 5 in Throwing
    26 | D        | Reached skill level 5 in Stealth
    26 | D        | Killed a meat berserker
    26 | D        | Noticed a meat berserker
    26 | D        | Noticed a meat berserker
    27 | D        | Reached XP level 21. HP: 187/187 MP: 0/0
    27 | D        | Learned a level 7 spell: Haunt
    27 | D        | Noticed a meat berserker
    27 | D        | Noticed a meat berserker
    28 | D        | Killed a meat berserker
    28 | D        | Noticed a meat berserker
    28 | D        | Noticed a meat berserker
    29 | D        | Reached skill level 10 in Short Blades
    29 | D        | Reached skill level 10 in Long Blades
    29 | D        | Reached skill level 10 in Staves
    29 | D        | Reached skill level 10 in Stealth
    29 | D        | Reached skill level 10 in Shields
    29 | D        | Reached skill level 10 in Unarmed Combat
    29 | D        | Reached skill level 10 in Invocations
    29 | D        | Reached skill level 10 in Evocations
    29 | D        | Killed a meat berserker
    29 | D        | Noticed a meat berserker
    30 | D        | Reached skill level 10 in Maces & Flails
    30 | D        | Reached skill level 10 in Polearms
    30 | D        | Reached skill level 10 in Ranged Weapons
    30 | D        | Reached skill level 10 in Throwing
    30 | D        | Reached skill level 10 in Shapeshifting
    30 | D        | Reached XP level 22. HP: 194/194 MP: 0/0
    30 | D        | Killed a meat berserker
    30 | D        | Noticed a destroyer
    31 | D        | Noticed a large bag of meat
    31 | D        | Killed a meat berserker
    32 | D        | Killed a large bag of meat
    32 | D        | Killed a meat berserker
    33 | D        | Reached skill level 15 in Shields
    33 | D        | Reached skill level 15 in Unarmed Combat
    33 | D        | Reached skill level 15 in Invocations
    33 | D        | Reached skill level 15 in Evocations
    33 | D        | Reached XP level 23. HP: 201/201 MP: 0/0
    33 | D        | Learned a level 8 spell: Discord
    34 | D        | Noticed a destroyer
    34 | D        | Killed a destroyer
    34 | D        | Noticed a large bag of meat
    34 | D        | Noticed a large bag of meat
    35 | D        | Killed a large bag of meat
    36 | D        | Reached skill level 15 in Maces & Flails
    36 | D        | Reached skill level 15 in Polearms
    36 | D        | Reached skill level 15 in Ranged Weapons
    36 | D        | Reached skill level 15 in Throwing
    36 | D        | Reached skill level 15 in Shapeshifting
    36 | D        | Reached XP level 24. HP: 208/208 MP: 0/0
    36 | D        | Noticed a destroyer
    36 | D        | Killed a destroyer
    36 | D        | Killed a large bag of meat
    36 | D        | Noticed a destroyer
    38 | D        | Reached XP level 25. HP: 214/214 MP: 0/0
    38 | D        | Learned a level 9 spell: Death's Door
    38 | D        | Noticed a destroyer
    38 | D        | Killed a destroyer
    39 | D        | Noticed a large bag of meat
    39 | D        | Noticed a destroyer
    40 | D        | Noticed a large bag of meat
    40 | D        | Killed a large bag of meat
    41 | D        | Noticed a destroyer
    41 | D        | Killed a destroyer
    41 | D        | Noticed a destroyer
    42 | D        | Reached XP level 26. HP: 221/221 MP: 0/0
    44 | D        | Noticed a large bag of meat
    44 | D        | Killed a destroyer
    44 | D        | Killed a destroyer
    44 | D        | Noticed a large bag of meat
    45 | D        | Noticed a destroyer
    45 | D        | Killed a large bag of meat
    45 | D        | Killed a destroyer
    46 | D        | Reached XP level 27. HP: 106/228 MP: 0/0
    46 | D        | Learned a level 9 spell: Polar Vortex
    46 | D        | Killed a destroyer
    46 | D        | Noticed The Servant
    46 | D        | Killed a large bag of meat
    47 | D        | Noticed a destroyer
    48 | D        | Killed a large bag of meat
    49 | D        | Noticed a destroyer
    49 | D        | Noticed a tyrant
    49 | D        | Noticed a large bag of meat
    49 | D        | Noticed a destroyer
    49 | D        | Noticed a destroyer
    50 | D        | Noticed a destroyer
    50 | D        | Noticed a large bag of meat
    50 | D        | Noticed a large bag of meat
    50 | D        | Noticed a destroyer
    50 | D        | Noticed a destroyer
    50 | D        | Noticed a tyrant
    51 | D        | Noticed a destroyer
    51 | D        | Killed a tyrant
    52 | D        | Noticed a tyrant
    53 | D        | Noticed an accursed
    53 | D        | Noticed a destroyer
    54 | D        | Reached skill level 27 in Shields
    54 | D        | Reached skill level 27 in Unarmed Combat
    54 | D        | Reached skill level 27 in Invocations
    54 | D        | Reached skill level 27 in Evocations
    54 | D        | Noticed a large bag of meat
    54 | D        | Killed a destroyer
    54 | D        | Killed a tyrant
    54 | D        | Killed a large bag of meat
    55 | D        | Reached skill level 27 in Short Blades
    55 | D        | Reached skill level 27 in Long Blades
    55 | D        | Reached skill level 27 in Staves
    55 | D        | Reached skill level 27 in Stealth
    56 | D        | Noticed an accursed
    56 | D        | Noticed a destroyer
    56 | D        | Noticed an accursed
    56 | D        | Killed a destroyer
    56 | D        | Killed a destroyer
    56 | D        | Noticed a tyrant
    56 | D        | Killed a large bag of meat
    57 | D        | Reached skill level 27 in Maces & Flails
    57 | D        | Reached skill level 27 in Polearms
    57 | D        | Reached skill level 27 in Ranged Weapons
    57 | D        | Reached skill level 27 in Throwing
    57 | D        | Reached skill level 27 in Shapeshifting
    57 | D        | Killed a destroyer
    58 | D        | Noticed a meat beast
    58 | D        | Noticed an accursed
    58 | D        | Noticed an accursed
    58 | D        | Killed a destroyer
    59 | D        | Noticed an accursed
    59 | D        | Noticed a destroyer
    59 | D        | Noticed a meat beast
    59 | D        | HP: 1/228 [accursed/divine providence (14)]
    59 | D        | Slain by a meat beast

Illustrated notes

Levels and vault maps discovered:
D:        meatsprint

Skill      XL: |  1  2  3  4  5  6  7  8  9 10 11 12 13 14 15 16 17 18 19 20 21 22 23 24 25 26 27 |
---------------+----------------------------------------------------------------------------------+-----
Fighting       | 12 15 17 20 23 25 27 | 27.0
Axes           | 10 13 15 17 20 21 23 27 | 27.0
Armour         | 12 15 17 19 20 23 25 27 | 27.0
Dodging        | 13 16 19 21 22 25 27 | 27.0
Spellcasting   | 7 9 12 14 15 17 19 21 26 27 | 27.0
Conjurations   | 7 9 12 14 15 17 19 21 26 27 | 27.0
Hexes          | 7 9 12 14 15 17 19 21 26 27 | 27.0
Summonings     | 7 9 12 14 15 17 19 21 26 27 | 27.0
Necromancy     | 7 9 12 14 15 17 19 21 26 27 | 27.0
Translocations | 7 9 12 14 15 17 19 21 26 27 | 27.0
Transmutations | 7 9 12 14 15 17 19 21 26 27 | 27.0
Fire Magic     | 7 9 12 14 15 17 19 21 26 27 | 27.0
Ice Magic      | 7 9 12 14 15 17 19 21 26 27 | 27.0
Air Magic      | 7 9 12 14 15 17 19 21 26 27 | 27.0
Earth Magic    | 7 9 12 14 15 17 19 21 26 27 | 27.0
Poison Magic   | 7 9 12 14 15 17 19 21 26 27 | 27.0
Short Blades   | 7 11 14 16 18 20 22 27 | 27.0
Long Blades    | 7 11 14 16 18 20 22 27 | 27.0
Maces & Flails | 7 10 13 15 17 19 20 27 | 27.0
Polearms       | 7 10 13 15 17 19 20 27 | 27.0
Staves         | 7 11 14 16 18 20 22 27 | 27.0
Ranged Weapons | 7 10 13 15 17 19 20 27 | 27.0
Throwing       | 7 10 13 15 17 19 21 27 | 27.0
Stealth        | 7 11 14 16 18 20 22 27 | 27.0
Shields        | 8 12 15 18 20 22 24 27 | 27.0
Unarmed Combat | 8 12 15 18 20 22 24 27 | 27.0
Invocations    | 8 12 15 18 20 22 24 27 | 27.0
Evocations     | 8 12 15 18 20 22 24 27 | 27.0
Shapeshifting  | 7 10 13 15 17 19 20 27 | 27.0

Action                     |  1- 3 |  4- 6 |  7- 9 | 10-12 | 13-15 | 16-18 | 19-21 | 22-24 | 25-27 || total
---------------------------+-------+-------+-------+-------+-------+-------+-------+-------+-------++-------
  Melee: Executioner's axe |     1 |       |       |     1 |     5 |    10 |    21 |    17 |    29 ||    84
   Cast: Manifold Assault  |       |       |       |       |     1 |     3 |     6 |     4 |     3 ||    17
         Death Channel     |       |       |       |       |       |       |     1 |       |       ||     1
         Haunt             |       |       |       |       |       |       |     1 |       |       ||     1
         Discord           |       |       |       |       |       |       |       |     1 |       ||     1
         Iskenderun's Batt |       |       |       |       |       |       |       |       |     1 ||     1
         Vhi's Electric Ch |       |       |       |       |       |       |       |       |    13 ||    13
         Blink             |       |       |       |       |       |       |       |       |     1 ||     1
   Stab: Distracted        |       |       |       |       |       |       |       |       |     1 ||     1
 Armour: Leather armour    |       |       |       |       |       |       |       |       |     8 ||     8
  Dodge: Dodged            |       |       |       |     1 |       |       |       |       |     1 ||     2

Table legend: (Time is in decaauts)
 A = Elapsed time spent in this place.
 B = Non-inter-level travel time spent in this place.
 C = Inter-level travel time spent in this place.
 D = Time resting spent in this place.
 E = Time spent auto-exploring this place.
 F = Levels seen in this place.
 G = Mean time per level.
                   A        B        C        D        E       F      G
               +--------+--------+--------+--------+--------+-----+--------+
         Total |     53 |     53 |      0 |      0 |      0 |   1 |   53.0 |
       Dungeon |     53 |     53 |      0 |      0 |      0 |   1 |   53.0 |
               +--------+--------+--------+--------+--------+-----+--------+

Top non-repeatable levels by time:
       D: 53 daAuts
